 Dungeon Sprint DCSS version 0.30.1-11-g7821555f0a (webtiles) character file.

Game seed: 15597633542563463754

2438 Groucho the Covert (level 9, -8/52 HPs)
             Began as a Spriggan Fighter on Dec 24, 2023.
             Was a Follower of Uskayaw.
             Mangled by a skeletal warrior
             ... wielding a +0 short sword
              (27 damage)
             ... in the Dungeon (Sprint IX: "|||||||||||||||||||||||||||||").
             The game lasted 00:03:35 (1346 turns).

Groucho the Covert (Spriggan Fighter)               Turns: 1346, Time: 00:03:36

Health: -8/52      AC:  4    Str: 12    XL:     9   Next: 25%
Magic:  9/15       EV: 26    Int:  9    God:    Uskayaw [*.....]
Gold:   0          SH:  6    Dex: 19    Spells: 8/8 levels left

rFire   . . .        l - +2 rapier (drain)
rCold   . . .        c - +0 buckler
rNeg    . . .        b - +0 robe
rPois   .            (helmet restricted)
rElec   .            (no cloak)
rCorr   .            (gloves unavailable)
SInv    +            (boots unavailable)
Will    +....        (no amulet)
Stlth   ++++++       a - +2 ring of evasion
HPRegen 0.28/turn    m - +2 ring of protection
MPRegen 0.14/turn

%: no teleportation
@: very quick
A: very small, no large weapons, unfitting armour, see invisible, speed 3
a: Renounce Religion, Stomp


You were in the Dungeon.
You worshipped Uskayaw.
Uskayaw was noncommittal.
You visited 1 branch

Inventory:

Hand Weapons
 l - a +2 rapier of draining (weapon)
Armour
 b - a +0 robe (worn)
 c - a +0 buckler (worn)
Jewellery
 a - a +2 ring of evasion (left hand)
 m - a +2 ring of protection (right hand)
Wands
 k - a wand of light (10)
Scrolls
 i - 2 scrolls of amnesia
 j - 2 scrolls of blinking
Potions
 d - a potion of might
 g - 2 potions of curing
 h - 3 potions of magic


   Skills:
 * Level 8.5 Fighting
 * Level 10.8 Short Blades
 - Level 5.0 Armour
 + Level 9.8 Dodging
 * Level 14.5 Stealth
 + Level 5.6 Shields
 + Level 6.7 Invocations


You had 8 spell levels left.
You didn't know any spells.
Your spell library was empty.

Dungeon Overview and Level Annotations

Branches:
Dungeon (1/1)

Altars:
Cheibriados
Dithmenos
Elyvilon
Fedhas
Gozag
Hepliaklqana
Kikubaaqudgha
Makhleb
Nemelex Xobeh
Okawaru
Qazlal
Ru
Sif Muna
Trog
Uskayaw
Vehumet
Wu Jian
Xom
Yredelemnul
Zin
The Shining One
Jiyva
Lugonu


Innate Abilities, Weirdness & Mutations

You are very small and have problems with some larger weapons.
You are too small for most types of armour.
You have supernaturally acute eyesight. (SInv)
You cover ground extremely quickly. (Speed+++)


Message History

You hit the five-headed hydra.
The five-headed hydra is heavily wounded.
The five-headed hydra bites you!
* * * LOW HITPOINT WARNING * * *
The five-headed hydra closely misses you.
The five-headed hydra bites you.
* * * LOW HITPOINT WARNING * * *
The five-headed hydra completely misses you.
The five-headed hydra bites you.
* * * LOW HITPOINT WARNING * * *
You can now pass through a line of other dancers.
Unknown command.
Unknown command.
Okay, then.
Aiming: Line Pass
Press: ? - help, Dir - move target The five-headed hydra appears confused.
The two-headed ogre appears confused.
The skeletal warrior appears confused.
You can no longer pass through a line of other dancers.
The two-headed ogre barely misses the five-headed hydra.
The two-headed ogre hits the five-headed hydra with a +0 giant club!
The five-headed hydra bites the two-headed ogre.
The five-headed hydra bites the two-headed ogre!
The five-headed hydra bites the two-headed ogre. x2
The five-headed hydra bites the two-headed ogre!
The five-headed hydra bites itself! x3
The five-headed hydra is killed!
Training target 5.0 for Armour reached!
Your Armour skill increases to level 5!
Your Stealth skill increases to level 14!
You have reached level 9!
Your experience leads to an increase in your attributes!
Increase (S)trength, (I)ntelligence, or (D)exterity?
You feel agile. x2
Unknown command.
Unknown command.
You feel better.
The skeletal warrior hits you with a +0 short sword!!
Ouch! That really hurt!
You die...

▓÷▓
▓.▓
▓'▓
▓)▓
▓.▓
▓.▓
▓.▓
▓)▓
▓@▓
▓z▓
▓O▓
▓†▓
▓†▓
▓.▓
▓.▓
▓.▓
▓+▓


You could see a skeletal warrior (confused) and a two-headed ogre (confused).

Vanquished Creatures
  A boulder beetle (D)
  A hydra (D)
  A kobold demonologist (D)
  A polar bear (shapeshifter) (D)
  A wraith (D)
  A yak (D)
  An acid dragon (D)
  A black bear (D)
  A phantom (D)
  2 kobold brigands (D)
  A gnoll sergeant (D)
  An iguana (D)
  An adder (D)
  An orc (D)
  4 goblins (D)
  A bat (D)
20 creatures vanquished.

Notes
Turn   | Place    | Note
-------+----------+-------------------------------------------
     0 | D        | Groucho the Spriggan Fighter began the quest for the Orb.
     0 | D        | Reached XP level 1. HP: 11/11 MP: 2/2
     5 | D        | Reached skill level 1 in Stealth
    20 | D        | Reached skill level 2 in Stealth
   145 | D        | Noticed a black bear
   145 | D        | Noticed an iguana
   145 | D        | Noticed a phantom
   151 | D        | Reached skill level 3 in Stealth
   151 | D        | Reached skill level 1 in Invocations
   151 | D        | Reached XP level 2. HP: 16/16 MP: 3/3
   156 | D        | Killed a black bear
   157 | D        | Reached skill level 1 in Armour
   157 | D        | Reached skill level 5 in Dodging
   157 | D        | Reached skill level 6 in Stealth
   157 | D        | Reached XP level 3. HP: 21/21 MP: 3/5
   157 | D        | Reached XP level 4. HP: 25/25 MP: 3/6
   161 | D        | Reached skill level 5 in Short Blades
   185 | D        | Killed a phantom
   186 | D        | Reached skill level 7 in Stealth
   186 | D        | Reached XP level 5. HP: 18/30 MP: 6/8
   189 | D        | Found a snail-covered altar of Cheibriados.
   189 | D        | Found a shadowy altar of Dithmenos.
   189 | D        | Found a white marble altar of Elyvilon.
   189 | D        | Found a blossoming altar of Fedhas.
   189 | D        | Found an opulent altar of Gozag.
   190 | D        | Found a hazy altar of Hepliaklqana.
   191 | D        | Found a viscous altar of Jiyva.
   192 | D        | Found an ancient bone altar of Kikubaaqudgha.
   193 | D        | Found a corrupted altar of Lugonu.
   194 | D        | Found a burning altar of Makhleb.
   195 | D        | Found a sparkling altar of Nemelex Xobeh.
   196 | D        | Found an iron altar of Okawaru.
   197 | D        | Found a stormy altar of Qazlal.
   198 | D        | Found a sacrificial altar of Ru.
   199 | D        | Found a shimmering blue altar of Sif Muna.
   200 | D        | Found a bloodstained altar of Trog.
   201 | D        | Found a hide-covered altar of Uskayaw.
   202 | D        | Found a radiant altar of Vehumet.
   203 | D        | Found an ornate altar of the Wu Jian Council.
   204 | D        | Found a shimmering altar of Xom.
   205 | D        | Found a basalt altar of Yredelemnul.
   206 | D        | Found a glowing silver altar of Zin.
   207 | D        | Found a glowing golden altar of the Shining One.
   209 | D        | Became a worshipper of Uskayaw the Reveller
   465 | D        | Noticed a wraith
   465 | D        | Noticed a yak
   465 | D        | Noticed an acid dragon
   467 | D        | Reached * piety under Uskayaw
   468 | D        | Reached skill level 5 in Fighting
   468 | D        | Reached skill level 8 in Stealth
   468 | D        | Reached XP level 6. HP: 35/35 MP: 9/9
   475 | D        | Reached ** piety under Uskayaw
   480 | D        | Reached skill level 9 in Stealth
   487 | D        | Killed a wraith
   488 | D        | Reached skill level 10 in Stealth
   493 | D        | Reached *** piety under Uskayaw
   952 | D        | Killed a yak
   953 | D        | Reached XP level 7. HP: 22/41 MP: 11/11
   955 | D        | Reached **** piety under Uskayaw
   956 | D        | Reached skill level 11 in Stealth
   958 | D        | Reached skill level 5 in Invocations
  1317 | D        | Noticed a kobold demonologist
  1317 | D        | Noticed a skeletal warrior
  1317 | D        | Noticed a boulder beetle
  1317 | D        | Noticed a two-headed ogre
  1317 | D        | Noticed a five-headed hydra
  1317 | D        | Noticed a polar bear
  1319 | D        | Killed a kobold demonologist
  1320 | D        | Reached skill level 12 in Stealth
  1320 | D        | Reached XP level 8. HP: 46/46 MP: 11/13
  1334 | D        | Killed a boulder beetle
  1335 | D        | Reached skill level 13 in Stealth
  1335 | D        | Reached skill level 5 in Shields
  1339 | D        | Killed a polar bear
  1340 | D        | Reached skill level 10 in Short Blades
  1345 | D        | Killed a five-headed hydra
  1346 | D        | Reached skill level 5 in Armour
  1346 | D        | Reached skill level 14 in Stealth
  1346 | D        | Reached XP level 9. HP: 8/52 MP: 8/15
  1346 | D        | Mangled by a skeletal warrior

Illustrated notes

Levels and vault maps discovered:
D:        linesprint [early_d, line_temple, items_1, d_10, items_2, lair_1,
          lair_end, items_3, orc_1, orc_end, items_4, d_15, swamp_1, shoals_1,
          snake_1, spider_1, d_20, vaults_1, items_5, swamp_end, shoals_end,
          snake_end, spider_end, vaults_end, d_27, items_6, zot_1, zot_end,
          crypt_end, forest_end, elf_end, slime_end, tomb_end, abyss_end,
          pan_hell_end]

Skill      XL: |  1  2  3  4  5  6  7  8 |
---------------+-------------------------+-----
Stealth        | 3 6 7 8 10 12 14 | 14.5
Fighting       | 3 4 5 6 7 8 |  8.5
Short Blades   | 3 4 6 8 9 10 | 10.8
Invocations    | 1 2 3 4 5 6 |  6.7
Armour         | 1 2 3 4 5 |  5.0
Dodging        | 5 6 7 8 9 |  9.8
Shields        | 3 4 5 |  5.6

Action                     |  1- 3 |  4- 6 |  7- 9 || total
---------------------------+-------+-------+-------++-------
  Melee: Rapier            |    28 |    56 |    22 ||   106
 Invoke: Line Pass         |       |     2 |     4 ||     6
    Use: Potion            |     1 |     5 |     4 ||    10
   Stab: Sleeping          |       |     1 |     1 ||     2
         Paralysed         |       |     1 |     2 ||     3
         Confused          |       |     1 |     1 ||     2
 Armour: Robe              |     2 |     4 |       ||     6
  Dodge: Dodged            |    17 |    44 |    26 ||    87
  Block: Buckler           |    10 |    14 |     9 ||    33
